 Dungeon Crawl Stone Soup version 0.28.0-53-g5a82cb258f (webtiles) character file.

Game seed: 5640642491300797418

1711 cbfl8 the Cleaver (level 8, -3/71 HPs)
             Began as a Minotaur Berserker on Nov 14, 2022.
             Was an Elder of Trog.
             Slain by an orc
             ... wielding a +0 club
              (6 damage)
             ... on level 6 of the Dungeon.
             The game lasted 00:07:22 (5471 turns).

cbfl8 the Cleaver (Minotaur Berserker)              Turns: 5471, Time: 00:07:23

Health: -3/71      AC:  0    Str: 22    XL:     8   Next: 74%
Magic:  7/7        EV: 15    Int:  4    God:    Trog [****..]
Gold:   530        SH:  0    Dex: 12    Spells: 7/7 levels left

rFire   . . .      SeeInvis .   (weapon currently unavailable)
rCold   . . .      Faith    .   (shield currently unavailable)
rNeg    . . .      Spirit   .   (armour currently unavailable)
rPois   .          Reflect  .   (helmet currently unavailable)
rElec   .          Harm     .   (cloak currently unavailable)
rCorr   .          Rampage  .   (gloves currently unavailable)
Will    .....                   (boots currently unavailable)
Stlth   +.........              (no amulet)
HPRegen 0.21/turn               (ring currently unavailable)
MPRegen 0.10/turn               (ring currently unavailable)

@: pig-form, on berserk cooldown, slowed
A: fast, no casting, small, (horns 2), (retaliatory headbutt)
a: Renounce Religion, Berserk, Trog's Hand, Brothers in Arms


You were on level 6 of the Dungeon.
You worshipped Trog.
Trog was greatly pleased with you.
You were a filthy swine.
You visited 1 branch of the dungeon, and saw 6 of its levels.
You also visited: Ossuary.

You collected 530 gold pieces.

Inventory:

Hand Weapons
 e - a +0 war axe (melded)
 g - the +7 short sword of Defenestration {flame, rPois rN++ rCorr Dex-2}
   (You found it on level 2 of the Dungeon)

   It burns those it strikes, dealing additional fire damage.
   Dex:       It affects your dexterity (-2).
   rPois:     It protects you from poison.
   rN:        It greatly protects you from negative energy.
   rCorr:     It protects you from acid and corrosion.
Missiles
 D - 2 throwing nets (quivered)
Armour
 h - a +0 chain mail (melded)
 l - a +2 pair of gloves (melded)
 A - a +0 pair of boots (melded)
 B - a +0 cloak (melded)
Jewellery
 u - a +4 ring of protection (melded)
 x - a ring of flight (melded)
Wands
 d - a wand of flame (16)
 m - a wand of mindburst (26)
 H - a wand of iceblast (10)
 I - a wand of acid (7)
 J - a wand of polymorph (4)
Scrolls
 i - 9 scrolls of identify {unknown}
 j - a scroll of magic mapping {unknown}
 n - 6 scrolls of enchant armour {unknown}
 o - 5 scrolls of enchant weapon {unknown}
 r - a scroll of noise {unknown}
 v - a scroll of fear {unknown}
 w - 2 scrolls of blinking {unknown}
 y - a scroll of brand weapon {unknown}
 C - a scroll of amnesia {unknown}
 F - a scroll of silence {unknown}
 G - 2 scrolls of teleportation {unknown}
Potions
 a - a potion of resistance {unknown}
 b - 5 potions of curing
 c - 2 potions of lignification {unknown}
 f - 4 potions of might
 k - a potion of haste {unknown}
 p - a potion of mutation {unknown}
 q - a potion of magic {unknown}
 s - a potion of flight {unknown}
 t - a potion of brilliance {unknown}
 z - a potion of degeneration {unknown}
 E - a potion of attraction {unknown}


   Skills:
 * Level 6.8 Fighting
 * Level 10.4 Axes
 + Level 3.8 Armour
 * Level 4.5 Dodging
 + Level 0.2 Stealth
 * Level 3.2 Evocations


You had 7 spell levels left.
You didn't know any spells.
Your spell library was empty.

Dungeon Overview and Level Annotations

Branches:
Dungeon (6/15)             Temple (0/1) D:4         Ossuary (visited)

Altars:
Sif Muna
Uskayaw
Xom


Innate Abilities, Weirdness & Mutations

You are a filthy swine.
You move quickly.
Your equipment is almost entirely melded.
You are incapable of wielding weapons or throwing items.
You cannot cast spells.
((You have a pair of horns on your head.))
((You reflexively headbutt those who attack you in melee.))


Message History

The orc is severely wounded.
The orc hits you with a +0 quarterstaff.
* * * LOW HITPOINT WARNING * * *
The orc closely misses you.
You closely miss the orc. The orc barely misses you.
Found 13 gold pieces.
You feel a strong urge to attack something.
The orc unwields a +0 quarterstaff.
The orc wields a +0 hunting sling.
The orc shoots a stone.
The stone misses you.
A magic dart appears from out of thin air!
The magic dart hits you!
* * * LOW HITPOINT WARNING * * *
You closely miss the orc.
The orc is severely wounded.
You are no longer berserk.
You are exhausted.
You feel yourself slow down.
The orc hits you from afar with a +0 trident!
* * * LOW HITPOINT WARNING * * *
It was a potion of curing.
You feel better.
The orc shoots a stone.
The stone barely misses you.
A magic dart appears from out of thin air!
The magic dart hits you!
* * * LOW HITPOINT WARNING * * *
The orc closely misses you. x2; The orc shoots a stone.
The stone closely misses you. The orc misses you.
You feel better. The orc barely misses you. Something hits you.
* * * LOW HITPOINT WARNING * * *
The orc barely misses you. x2
You feel better. Something hits you.
* * * LOW HITPOINT WARNING * * *
The orc unwields a +0 hunting sling.
The orc wields a +0 quarterstaff.
The orc hits you with a +0 quarterstaff.
* * * LOW HITPOINT WARNING * * *
The orc hits you with a +0 club.
* * * LOW HITPOINT WARNING * * *
The orc barely misses you. Something hits you.
* * * LOW HITPOINT WARNING * * *
The orc hits you with a +0 club.
You die...

#.##.####....#.#.#.#.
#......##...#.#.#.#.#
#..#.#.##....#.#.#.#. .
#..#.#.##...#.#.#.#.#
$.....#.......#.#.#.#.#.
#.######.####.# #.#.#.#
#........)...# #.#.#.
####...o..#.#.# #.#.#
#..h{..# .# #.#.
#......oo...#.# #.#
#..........#.#.# .#.
............##.#.# # #.#
............#.#.#.#.#.#.
............##.#.#.#.#.#
...........##.#.#.......
............ #.#........
#####.#.......


You could see 3 orcs.

Vanquished Creatures
  Pikel (D:6)
  A water moccasin (D:5)
  2 necrophages
  A centaur (D:6)
  2 phantoms (D:6)
  2 lemures (D:6)
  2 scorpions
  A bullfrog zombie (D:5)
  A centaur skeleton (D:5)
  A jelly (D:6)
  2 orc priests
  A scorpion zombie (D:5)
  Terence (D:2)
  A bullfrog skeleton (D:6)
  3 iguanas
  An orc wizard (D:3)
  8 mummies (Ossuary)
  2 adders
  3 gnolls (D:5)
  A shadow imp (D:5)
  An ufetubus (D:4)
  A worm (D:3)
  A dart slug (D:2)
  12 orcs
  5 ball pythons
  A bat skeleton (D:2)
  6 endoplasms
  4 giant cockroaches
  9 hobgoblins
  3 jackals (D:3)
  3 quokkas
  A ball python skeleton (D:2)
  A ball python zombie (D:2)
  5 bats
  3 frilled lizards
  2 gnoll zombies (Ossuary)
  15 goblins
  9 kobolds
  A kobold zombie (Ossuary)
  5 orc zombies (Ossuary)
  A quokka zombie (D:2)
  9 rats
135 creatures vanquished.

Vanquished Creatures (others)
  5 withered plants (D:2)
5 creatures vanquished.

Grand Total: 140 creatures vanquished

Notes
Turn   | Place    | Note
-------+----------+-------------------------------------------
     0 | D:1      | cbfl8 the Minotaur Berserker began the quest for the Orb.
     0 | D:1      | Reached XP level 1. HP: 19/19 MP: 0/0
   449 | D:1      | Reached skill level 4 in Axes
   449 | D:1      | Reached XP level 2. HP: 27/27 MP: 1/1
  1148 | D:2      | Reached ** piety under Trog
  1225 | D:2      | Noticed Terence
  1238 | D:2      | Killed Terence
  1239 | D:2      | Reached XP level 3. HP: 5/34 MP: 2/2
  1599 | D:2      | Identified the +7 short sword of Defenestration {flame,
                  | rPois rN++ rCorr Dex-2}
  1637 | D:2      | Found a faded altar of an unknown god.
  2235 | D:3      | Found a shimmering altar of Xom.
  2290 | D:3      | Reached XP level 4. HP: 41/41 MP: 3/3
  2352 | D:3      | Reached skill level 5 in Axes
  2376 | D:3      | Reached XP level 5. HP: 47/47 MP: 4/4
  2508 | D:3      | Reached skill level 1 in Evocations
  2682 | D:3      | Found a hide-covered altar of Uskayaw.
  2911 | D:4      | Found a staircase to the Ecumenical Temple.
  3004 | D:4      | Reached *** piety under Trog
  3017 | D:4      | Reached skill level 6 in Axes
  3035 | D:4      | Found a shimmering blue altar of Sif Muna.
  3253 | D:4      | Found a sand-covered staircase.
  3264 | Ossuary  | Entered an ossuary
  3284 | Ossuary  | Reached XP level 6. HP: 47/55 MP: 5/5
  3447 | Ossuary  | Reached skill level 5 in Fighting
  3892 | D:5      | Entered Level 5 of the Dungeon
  4151 | D:5      | Noticed a water moccasin
  4156 | D:5      | Killed a water moccasin
  4157 | D:5      | Reached skill level 7 in Axes
  4157 | D:5      | Reached XP level 7. HP: 61/61 MP: 6/6
  4579 | D:5      | Reached **** piety under Trog
  4591 | D:5      | Reached skill level 8 in Axes
  4874 | D:6      | Noticed Pikel
  4885 | D:6      | Killed Pikel
  4886 | D:6      | Reached skill level 9 in Axes
  4886 | D:6      | Reached XP level 8. HP: 70/70 MP: 7/7
  5056 | D:6      | Reached skill level 10 in Axes
  5468 | D:6      | HP: 2/71 [orc/+0 trident (9)]
  5471 | D:6      | Slain by an orc

Illustrated notes

Levels and vault maps discovered:
D:1:      amcnicky_arrival_gap_in_the_tavern_cellar, layout_basic
D:2:      layout_loops_ring, ebering_ecumenical_altar_abandoned, serial_undead,
          serial_undead_b, serial_undead_e, serial_undead_d, serial_undead_b,
          serial_undead_b, uniq_terence
D:3:      layout_loops_ring, mainiacjoe_overflow_brackets,
          mainiacjoe_overflow_alcove_2
D:4:      layout_basic, mainiacjoe_overflow_concentric_impassable,
          minmay_temple_entry_stoned_glass, nicolae_ossuary_entry_monument
D:5:      corexii_shantytown, layout_basic
D:6:      layout_basic, uniq_pikel

Skill      XL: |  1  2  3  4  5  6  7  8 |
---------------+-------------------------+-----
Axes           | 4 5 6 7 9 10 | 10.4
Fighting       | 4 5 6 |  6.8
Dodging        | 3 4 |  4.5
Evocations     | 1 2 3 |  3.2
Armour         | 3 |  3.8
Stealth        | |  0.2

Action                   |  1- 3 |  4- 6 |  7- 9 || total
-------------------------+-------+-------+-------++-------
Melee: Hand axe          |    39 |       |       ||    39
       Headbutt          |     8 |    16 |    21 ||    45
       War axe           |    38 |    95 |   105 ||   238
       Punch             |     1 |       |     2 ||     3
       Unarmed           |       |       |    15 ||    15
Invok: Berserk           |     1 |       |     2 ||     3
  Use: Potion            |       |       |     3 ||     3
 Stab: Sleeping          |     1 |       |       ||     1
Armor: Animal skin       |     7 |       |       ||     7
       Ring mail         |     5 |       |       ||     5
       Chain mail        |    10 |    42 |    62 ||   114
Dodge: Dodged            |    43 |    41 |    85 ||   169
